AoeStats
← Mhafiki

Arabia

508796884Analyzed
3v3 RM · 7d ago on Sep 24, 2026· 89m 30s· 6 players
Game mode
Random Map
Map size
Normal (6 player)
Population
200
Speed
Normal
Resources
Standard
Victory
Conquest
Starting age
Dark Age
Ending age
Imperial Age
RankedLock teamsTeams togetherTeam positionsShared explorationLock speedFull tech treeHidden civsTurbo modeCheats
Victory
Defeat
🇺🇸 Saxons · United States
1126
+11
🇺🇸 Varangians · United States
1060
+14
🇺🇸 Franks · United States
1054
+14
🇦🇷 Ethiopians · Argentina
1044
-15
🇦🇷 Khmer · Argentina
1001
-12
🇦🇷 Teutons · Argentina
990
-12
Insmago
7:20 Loom
10:26 Feudal Age
11:17 Double-Bit Axe
11:13 Horse Collar
20:15 Castle Age
19:06 Padded Archer Armor
19:05 Fletching
20:40 Crossbowman
21:25 Thumb Ring
21:20 Bodkin Arrow
26:17 Leather Archer Armor
28:18 Bow Saw
29:47 Heavy Plow
29:39 Gold Mining
31:25 Wheelbarrow
31:31 Thumb Ring
32:28 Gold Shaft Mining
34:31 Stone Mining
35:06 Ballistics
34:51 Scale Mail Armor
35:02 Forging
37:37 Imperial Age
38:59 Conscription
44:23 Chemistry
44:14 Ring Archer Armor
44:21 Hand Cart
45:08 Two-Man Saw
44:46 Stone Shaft Mining
44:45 Bracer
44:08 Arbalester
54:17 Squires
56:21 Chain Mail Armor
56:41 Iron Casting
58:17 Plate Mail Armor
63:20 Blast Furnace
62:36 Halberdier
69:38 Scale Barding Armor
69:37 Husbandry
73:20 Chain Barding Armor
72:23 Light Cavalry
73:43 Caravan
73:52 Hussar
87:28 Caravan
AquilesDaiMoN
6:23 Loom
9:25 Feudal Age
9:26 Man-at-Arms
14:51 Double-Bit Axe
15:58 Padded Archer Armor
16:18 Fletching
18:14 Wheelbarrow
18:22 Horse Collar
20:02 Town Watch
23:08 Castle Age
23:11 Crossbowman
24:22 Bow Saw
25:16 Bodkin Arrow
25:37 Leather Archer Armor
26:07 Gold Mining
31:04 Bloodlines
31:55 Stone Mining
33:39 Hand Cart
33:51 Forging
33:47 Scale Barding Armor
33:42 Scale Mail Armor
34:42 Heavy Plow
36:58 Iron Casting
36:28 Scale Barding Armor
39:59 Imperial Age
38:56 Stone Shaft Mining
39:04 Town Patrol
40:05 Chain Barding Armor
39:45 Scale Mail Armor
40:31 Cavalier
43:13 Blast Furnace
42:48 Plate Barding Armor
42:29 Chain Mail Armor
42:32 Pikeman
43:13 Squires
44:06 Halberdier
46:18 Conscription
47:39 Crenellations
47:40 Ironclad
48:52 Chemistry
48:13 Ballistics
49:38 Paladin
51:28 Plate Barding Armor
51:23 Plate Mail Armor
57:28 Elite Skirmisher
59:02 Ring Archer Armor
64:44 Bombard Tower
78:43 Crop Rotation
83:54 Two-Man Saw
84:27 Caravan
85:01 Coinage
84:42 Guilds
87:19 Arson
Hola
9:07 Loom
10:52 Feudal Age
14:56 Castle Age
12:55 Double-Bit Axe
14:47 Gold Mining
15:29 Bloodlines
19:49 Husbandry
21:48 Wheelbarrow
23:56 Forging
24:05 Scale Barding Armor
26:08 Chain Barding Armor
28:45 Light Cavalry
33:04 Imperial Age
33:34 Iron Casting
34:42 Plate Barding Armor
34:14 Cavalier
36:56 Blast Furnace
35:47 Horse Collar
36:44 Heavy Plow
39:00 Elite Battle Elephant
41:35 Town Watch
41:55 Hussar
43:51 Fletching
44:25 Bow Saw
44:08 Stone Mining
45:02 Town Patrol
46:01 Scale Mail Armor
47:19 Gold Shaft Mining
47:20 Stone Shaft Mining
47:08 Chain Mail Armor
52:56 Crop Rotation
53:50 Bodkin Arrow
54:40 Conscription
55:28 Bracer
55:32 Pikeman
55:58 Arson
56:32 Halberdier
62:33 Hand Cart
70:12 Padded Archer Armor
74:48 Elite Skirmisher
87:20 Caravan
DVaso
10:53 Feudal Age
11:21 Loom
15:07 Castle Age
14:20 Double-Bit Axe
14:16 Horse Collar
14:55 Gold Mining
17:39 Scale Barding Armor
21:45 Bloodlines
22:50 Forging
25:13 Chain Barding Armor
28:27 Husbandry
29:37 Wheelbarrow
31:02 Iron Casting
34:56 Imperial Age
33:49 Vendel Legacy
35:21 Cavalier
36:58 Conscription
36:50 Fletching
37:53 Plate Barding Armor
39:32 Blast Furnace
43:28 Herbal Medicine
46:17 Bodkin Arrow
47:20 Bow Saw
47:11 Heavy Plow
46:57 Town Watch
48:32 Scale Mail Armor
47:57 Elite Varangian Guard
49:20 Squires
49:37 Chain Mail Armor
49:10 Gambesons
52:53 Plate Mail Armor
52:25 Bracer
52:35 Siege Engineers
52:44 Masonry
53:06 Light Cavalry
54:31 Hussar
58:15 Ballistics
60:04 Hand Cart
59:50 Town Patrol
60:52 Two-Man Saw
60:23 Crop Rotation
61:16 Caravan
66:50 Murder Holes
67:25 Architecture
71:21 Chemistry
76:46 Arson
82:33 Elite Jarl
Triqem
7:44 Loom
10:33 Feudal Age
19:13 Castle Age
18:09 Gold Mining
21:26 Wheelbarrow
21:11 Husbandry
21:13 Light Cavalry
22:57 Fletching
23:15 Double-Bit Axe
24:06 Padded Archer Armor
25:18 Bodkin Arrow
25:49 Scale Barding Armor
28:09 Chain Barding Armor
36:08 Forging
39:02 Imperial Age
39:35 Cavalier
42:00 Plate Barding Armor
42:39 Hand Cart
44:15 Iron Casting
44:47 Conscription
46:08 Paladin
48:20 Blast Furnace
52:40 Leather Archer Armor
58:09 Caravan
58:42 Coinage
62:02 Stone Mining
62:49 Gold Shaft Mining
62:30 Bow Saw
65:56 Elite Skirmisher
68:59 Scale Mail Armor
71:28 Chemistry
71:33 Ballistics
Mhafiki
9:11 Loom
10:56 Feudal Age
15:10 Horse Collar
15:17 Double-Bit Axe
24:24 Castle Age
22:27 Fletching
22:38 Padded Archer Armor
22:45 Stone Mining
25:37 Bodkin Arrow
25:57 Leather Archer Armor
31:24 Heavy Plow
33:40 Scale Mail Armor
34:13 Bow Saw
35:36 Wheelbarrow
36:04 Chain Mail Armor
36:19 Pikeman
37:18 Forging
37:29 Hand Cart
42:14 Imperial Age
39:59 Gold Mining
42:22 Iron Casting
41:50 Squires
43:27 Plate Mail Armor
42:36 Shield Wall
43:38 Conscription
44:49 Hoardings
44:35 Halberdier
45:42 Bracer
46:12 Ring Archer Armor
45:11 Crossbowman
45:56 Thumb Ring
47:30 Arbalester
52:36 Chemistry
51:45 Siege Engineers
51:51 Masonry
54:55 Gold Shaft Mining
55:10 Ballistics
58:10 Architecture
57:36 Murder Holes
59:54 Ring Archer Armor
61:11 Caravan
61:36 Elite Hearth Troop
78:29 Arson
80:28 Treadmill Crane
81:01 Fortified Wall
Connection lost

Rejoining the realm…

Still unreachable

The connection could not be restored.

Session expired

The server has moved on; the page needs a fresh start.